 Dungeon Crawl Stone Soup version 0.31-a0-618-g7ca08c1ff9 (webtiles) character file.

Game seed: 15701434412504054666

10519 Rohain the Carver (level 11, -1/86 HPs)
             Began as a Gnoll Reaver on Aug 22, 2023.
             Was the Champion of Okawaru.
             Slain by a deep elf knight
             ... wielding a +2 short sword of flaming
              (2 damage)
             ... on level 11 of the Dungeon.
             The game lasted 00:21:56 (11958 turns).

Rohain the Carver (Gnoll Reaver)                   Turns: 11958, Time: 00:21:57

Health: -1/86      AC:  9    Str: 11    XL:     11   Next: 63%
Magic:  32/32      EV: 19    Int: 19    God:    Okawaru [******]
Gold:   463        SH: 11    Dex: 19    Spells: 15/26 levels left

rFire   . . .        F - +10 zealot's sword {holy, Zealotry, *Rage rN+ EV+3}
rCold   + + .        G - +0 buckler
rNeg    + . .        D - +1 leather armour {rC+}
rPois   .            Q - +1 helmet {Int+3}
rElec   +            (no cloak)
rCorr   .            g - +0 pair of gloves "Luidghetz" {rElec rC+ Int+4 Dex+3}
SInv    .            k - +0 pair of boots
Will    .....        p - amulet of reflection
Stlth   +++          C - ring of magical power
HPRegen 0.34/turn    P - ring of flight
MPRegen 0.23/turn

%: random rage (20%), reflection
@: about to teleport, on berserk cooldown, flying, slowed, very slow
A: fangs 1, strong nose, distributed training
a: Renounce Religion, Heroism, Finesse, Duel


You were on level 11 of the Dungeon.
You worshipped Okawaru.
Okawaru was exalted by your worship.
You visited 2 branches of the dungeon, and saw 12 of its levels.
You also visited: Ossuary.

You collected 635 gold pieces.
You spent 172 gold pieces at shops.

Inventory:

Hand Weapons
 a - a +1 falchion
 j - the +4 quarterstaff of Musi {heavy, *Noise Dex+5 Stlth+}
   (You found it on level 2 of the Dungeon)

   Dex+5:     It affects your dexterity (+5).
   *Noise:    It may make a loud noise when swung.
   Stlth+:    It makes you more stealthy.
 s - a +2 dagger of venom
 w - a +0 long sword of flaming
 x - a +4 war axe
 y - a +1 rapier of electrocution
 F - the +10 zealot's sword (weapon) {holy, Zealotry, *Rage rN+ EV+3}
   (You found it on level 7 of the Dungeon)

   Zealotry:  Whenever the wielder enters a berserk rage, their allies are
   berserked alongside them.
   EV+3:      It affects your evasion (+3).
   rN+:       It protects you from negative energy.
   *Rage:     It berserks you when you make melee attacks (+20% chance).
Missiles
 e - 3 throwing nets
 u - 36 poisoned darts (quivered)
 K - 2 curare-tipped darts
Armour
 b - a +0 leather armour
 g - the +0 pair of gloves "Luidghetz" (worn) {rElec rC+ Int+4 Dex+3}
   (You acquired it on level 2 of the Dungeon)

   Int+4:     It affects your intelligence (+4).
   Dex+3:     It affects your dexterity (+3).
   rC+:       It protects you from cold.
   rElec:     It insulates you from electricity.
 h - a +1 helmet
 i - a +2 pair of gloves
 k - a +0 pair of boots (worn)
 D - a +1 leather armour of cold resistance (worn)
 G - a +0 buckler (worn)
 Q - a +1 helmet of intelligence (worn)
Jewellery
 d - a ring of fire
 p - an amulet of reflection (around neck)
 C - a ring of magical power (left hand)
 M - a ring of ice
 P - a ring of flight (right hand)
 S - an amulet of guardian spirit
Wands
 m - a wand of acid (11)
 q - a wand of mindburst (23)
 t - a wand of iceblast (21)
 L - a wand of paralysis (6)
 N - a wand of digging (17)
Scrolls
 n - 2 scrolls of vulnerability
 r - 2 scrolls of fog
 E - 4 scrolls of teleportation
 I - 2 scrolls of enchant weapon
 J - 5 scrolls of identify
 O - 2 scrolls of revelation
Potions
 c - 5 potions of attraction
 f - 5 potions of curing
 l - 2 potions of berserk rage
 o - 3 potions of brilliance
 v - a potion of resistance {unknown}
 z - 2 potions of enlightenment {unknown}
 A - 2 potions of haste {unknown}
 B - 3 potions of mutation
 H - 3 potions of lignification {unknown}
 R - a potion of invisibility {unknown}


   Skills:
 + Level 8.1 Fighting
 + Level 6.6 Short Blades
 + Level 9.4 Long Blades
 + Level 6.6 Axes
 + Level 6.6 Maces & Flails
 + Level 6.6 Polearms
 + Level 6.6 Staves
 + Level 6.6 Ranged Weapons
 + Level 6.6 Throwing
 + Level 6.6 Armour
 + Level 8.1 Dodging
 + Level 6.6 Stealth
 + Level 6.6 Shields
 + Level 6.6 Unarmed Combat
 + Level 8.4 Spellcasting
 + Level 7.8 Conjurations
 + Level 5.4 Hexes
 + Level 5.4 Summonings
 + Level 5.4 Necromancy
 + Level 5.4 Translocations
 + Level 5.4 Transmutations
 + Level 5.4 Fire Magic
 + Level 5.4 Ice Magic
 + Level 5.4 Air Magic
 + Level 5.4 Earth Magic
 + Level 5.4 Poison Magic
 + Level 7.2 Invocations
 + Level 6.6 Evocations
 + Level 6.0 Shapeshifting


You had 15 spell levels left.
You knew the following spells:

 Your Spells              Type           Power      Damage    Failure   Level
a - Kiss of Death         Conj/Necr      100%       2d13      1%          1
b - Momentum Strike       Conj/Tloc      66%        3d9       1%          2
c - Poisonous Vapours     Pois/Air       56%        N/A       2%          2
d - Blink                 Tloc           56%        N/A       2%          2
e - Olgreb's Toxic Radia  Pois           28%        N/A       16%         4

Your spell library contained the following spells:

 Spells                   Type           Power      Damage    Failure   Level
 Sting                    Tmut/Pois      100%       1d8       1%          1
 Lesser Beckoning         Tloc           56%        N/A       2%          2
 Hailstorm                Conj/Ice       33%        3d8       3%          3
 Gell's Gravitas          Tloc           28%        N/A       4%          3
 Teleport Other           Tloc           28%        N/A       4%          3
 Dispersal                Tloc           14%        N/A       94%         6


Dungeon Overview and Level Annotations

Branches:
Dungeon (11/15)            Temple (1/1) D:4            Lair (0/5) D:9
    Orc (0/2) D:9         Ossuary (visited)

Altars:
Ashenzari
Cheibriados
Dithmenos
Elyvilon
Fedhas
Gozag
Hepliaklqana
Kikubaaqudgha
Makhleb
Nemelex Xobeh
Okawaru
Qazlal
Ru
Sif Muna
Trog
Uskayaw
Vehumet
Wu Jian
Xom
Yredelemnul
Zin
The Shining One

Shops:
D:6 :   D:9 [(

Annotations:
D:6 1 runed translucent door, Crazy Yiuf


Innate Abilities, Weirdness & Mutations

You have very sharp teeth.
Your uncanny sense of smell can sniff out nearby items.
Your experience applies equally to all skills.


Message History

Okawaru is honoured by your kill.
Your Shapeshifting skill increases to level 6!
There are no items here.
You start resting.
You feel a strong urge to attack something.
You start resting.
You feel your anger nearly subside.
You are no longer berserk.
You are exhausted.
You feel yourself slow down.
The deep elf knight shoots an arrow.
The arrow hits you!
The deep elf knight shoots an arrow.
The arrow hits you.
The centaur warrior shouts!
The deep elf knight unwields a +0 shortbow.
The deep elf knight wields a +2 short sword of flaming.
It bursts into flame!
The deep elf knight hits you with a +2 short sword of flaming!
The deep elf knight burns you.
You barely miss the deep elf knight.
The deep elf knight is lightly wounded.
The deep elf knight gestures wildly while chanting.
The deep elf knight seems to speed up.
You barely miss the deep elf knight.
The deep elf knight is lightly wounded.
The deep elf knight barely misses you.
The deep elf knight hits you with a +2 short sword of flaming!!
* * * LOW HITPOINT WARNING * * *
The deep elf knight burns you!
* * * LOW HITPOINT WARNING * * *
As you read the scroll of teleportation, it crumbles to dust.
You feel strangely unstable.
The deep elf knight hits you with a +2 short sword of flaming.
* * * LOW HITPOINT WARNING * * *
The deep elf knight burns you.
* * * LOW HITPOINT WARNING * * *
The deep elf knight closely misses you.
You feel better.
The deep elf knight hits you with a +2 short sword of flaming!
* * * LOW HITPOINT WARNING * * *
The deep elf knight burns you.
You die...

~~~~~~≈####...# ∆
..............#####
~≈~~.....##...#...### ∆
####.....##...#.....###
#.....###..#.......#
#.....# ##.'...⌠...#
#.....# ###(......#
#....)# #))†..###
#(@.### ∆ #e### #.. ∆
#... #.(.c ∆ #[....
###...c ∆ $....


You could see a deep elf knight (fast).

Vanquished Creatures
  A centaur warrior (D:11)
  A boulder beetle (D:11)
  A cyclops (D:11)
  Grinder (D:6)
  2 shadows
  28 yaks
  A vampire (D:9)
  Eustachio (D:6)
  A steam dragon (D:7)
  9 orc warriors
  An ice beast (D:8)
  2 black bears
  4 ogres
  A phantom (D:5)
  3 kobold brigands (D:10)
  4 bullfrogs
  A gnoll sergeant (D:7)
  8 killer bees (D:9)
  4 howler monkeys
  7 orc priests
  A gnoll bouda (D:9)
  3 hounds
  2 jellies (D:8)
  4 iguanas
  13 orc wizards
  Ijyb (D:3)
  3 mummies (Ossuary)
  31 gnolls
  8 adders
  A shadow imp (D:8)
  3 adder zombies (Ossuary)
  A worm (D:2)
  51 orcs
  10 ball pythons
  5 endoplasms
  2 giant cockroaches
  7 goblins
  5 hobgoblins (D:1)
  18 jackals
  4 quokkas
  6 bats
  3 frilled lizards
  4 goblin zombies (Ossuary)
  15 kobolds
  5 kobold zombies (Ossuary)
  3 quokka zombies (Ossuary)
  4 rats
  3 rat zombies (Ossuary)
297 creatures vanquished.

Notes
Turn   | Place    | Note
-------+----------+-------------------------------------------
     0 | D:1      | Rohain the Gnoll Reaver began the quest for the Orb.
     0 | D:1      | Reached XP level 1. HP: 20/20 MP: 6/6
   123 | D:1      | Reached XP level 2. HP: 26/26 MP: 7/7
   684 | D:1      | Reached XP level 3. HP: 31/31 MP: 9/9
   689 | D:1      | Reached skill level 5 in Spellcasting
  1069 | D:2      | Identified the +4 quarterstaff of Musi {heavy, *Noise Dex+5
                  | Stlth+}
  1123 | D:2      | Reached skill level 1 in Invocations
  1169 | D:2      | Reached skill level 1 in Short Blades
  1169 | D:2      | Reached skill level 1 in Axes
  1169 | D:2      | Reached skill level 1 in Maces & Flails
  1169 | D:2      | Reached skill level 1 in Polearms
  1169 | D:2      | Reached skill level 1 in Staves
  1169 | D:2      | Reached skill level 1 in Ranged Weapons
  1169 | D:2      | Reached skill level 1 in Throwing
  1169 | D:2      | Reached skill level 1 in Armour
  1169 | D:2      | Reached skill level 1 in Stealth
  1169 | D:2      | Reached skill level 1 in Shields
  1169 | D:2      | Reached skill level 1 in Unarmed Combat
  1169 | D:2      | Reached skill level 1 in Evocations
  1390 | D:2      | Identified a scroll of acquirement
  1390 | D:2      | Acquired the +0 pair of gloves "Luidghetz" {rElec rC+ Int+4
                  | Dex+3}
  1399 | D:2      | Reached XP level 4. HP: 38/38 MP: 11/11
  1465 | D:2      | Reached skill level 1 in Shapeshifting
  1468 | D:2      | Learned a level 2 spell: Momentum Strike
  1513 | D:2      | Found a faded altar of an unknown god.
  1966 | D:3      | Noticed Ijyb
  1978 | D:3      | Killed Ijyb
  1979 | D:3      | Reached skill level 1 in Hexes
  1979 | D:3      | Reached skill level 1 in Summonings
  1979 | D:3      | Reached skill level 1 in Necromancy
  1979 | D:3      | Reached skill level 1 in Translocations
  1979 | D:3      | Reached skill level 1 in Transmutations
  1979 | D:3      | Reached skill level 1 in Fire Magic
  1979 | D:3      | Reached skill level 1 in Ice Magic
  1979 | D:3      | Reached skill level 1 in Air Magic
  1979 | D:3      | Reached skill level 1 in Earth Magic
  1979 | D:3      | Reached skill level 1 in Poison Magic
  2176 | D:3      | Found a broken altar of Ashenzari.
  2234 | D:3      | Reached XP level 5. HP: 39/40 MP: 12/12
  2291 | D:3      | Learned a level 2 spell: Poisonous Vapours
  2932 | D:4      | Reached XP level 6. HP: 48/50 MP: 8/13
  3502 | D:4      | Found a staircase to the Ecumenical Temple.
  4130 | Temple   | Entered the Ecumenical Temple
  4146 | Temple   | Became a worshipper of Warmaster Okawaru
  4190 | D:5      | Entered Level 5 of the Dungeon
  4198 | D:5      | Noticed a yak
  4199 | D:5      | Noticed a yak
  4199 | D:5      | Noticed a yak
  4226 | D:4      | Killed a yak
  4227 | D:4      | Reached skill level 5 in Fighting
  4227 | D:4      | Reached skill level 5 in Dodging
  4380 | D:4      | Killed a yak
  4380 | D:4      | Reached * piety under Okawaru
  4381 | D:4      | Reached skill level 7 in Long Blades
  4381 | D:4      | Reached XP level 7. HP: 20/56 MP: 15/15
  4569 | D:5      | Noticed a yak
  4570 | D:5      | Noticed a yak
  4742 | D:5      | Killed a yak
  4757 | D:5      | Killed a yak
  4758 | D:5      | Reached XP level 8. HP: 15/62 MP: 13/16
  4963 | D:5      | Reached ** piety under Okawaru
  6582 | D:6      | Noticed Grinder
  6582 | D:6      | Found Waf Ecuh's Book Shop.
  6596 | D:6      | Killed Grinder
  6597 | D:6      | Reached XP level 9. HP: 38/69 MP: 18/18
  6838 | D:6      | Noticed Eustachio
  6847 | D:6      | Killed Eustachio
  6847 | D:6      | Reached *** piety under Okawaru
  7484 | D:6      | Found a runed translucent door.
  7485 | D:6      | Noticed Crazy Yiuf
  7553 | D:7      | Reached skill level 8 in Long Blades
  7702 | D:7      | Found the +10 zealot's sword {holy, Zealotry, *Rage rN+
                  | EV+3}
  7736 | D:7      | Reached skill level 5 in Invocations
  7995 | D:7      | Reached **** piety under Okawaru
  8132 | D:7      | Identified the +8 hand axe "Domon" {freeze, *Noise rElec
                  | rC+}
  8508 | D:8      | Found a sand-covered staircase.
  8521 | Ossuary  | Entered an ossuary
  8525 | Ossuary  | Reached XP level 10. HP: 77/77 MP: 20/20
  8836 | D:8      | Reached skill level 5 in Short Blades
  8836 | D:8      | Reached skill level 5 in Axes
  8836 | D:8      | Reached skill level 5 in Maces & Flails
  8836 | D:8      | Reached skill level 5 in Polearms
  8836 | D:8      | Reached skill level 5 in Staves
  8836 | D:8      | Reached skill level 5 in Ranged Weapons
  8836 | D:8      | Reached skill level 5 in Throwing
  8836 | D:8      | Reached skill level 5 in Armour
  8836 | D:8      | Reached skill level 5 in Stealth
  8836 | D:8      | Reached skill level 5 in Shields
  8836 | D:8      | Reached skill level 5 in Unarmed Combat
  8836 | D:8      | Reached skill level 5 in Evocations
  8852 | D:8      | Received a gift from Okawaru
  8867 | D:8      | Reached ***** piety under Okawaru
  9048 | D:7      | Learned a level 2 spell: Blink
  9104 | D:8      | Reached skill level 5 in Shapeshifting
  9279 | D:8      | Found an opulent altar of Gozag.
  9312 | D:8      | Found a bloodstained altar of Trog.
  9518 | D:8      | Found a stormy altar of Qazlal.
  9518 | D:8      | Found a sparkling altar of Nemelex Xobeh.
  9878 | D:9      | Found a staircase to the Orcish Mines.
  9879 | D:9      | Found Ebboer's Armour Boutique.
  9883 | D:9      | Found Zoihi's Weapon Boutique.
  9913 | D:9      | Bought a +0 helmet of intelligence for 172 gold pieces
 10063 | D:9      | Learned a level 4 spell: Olgreb's Toxic Radiance
 10094 | D:9      | Found a blossoming altar of Fedhas.
 10156 | D:9      | Found a sacrificial altar of Ru.
 10373 | D:9      | Reached XP level 11. HP: 84/84 MP: 22/22
 10399 | D:9      | Found a staircase to the Lair.
 10476 | D:10     | Entered Level 10 of the Dungeon
 10500 | D:10     | Reached skill level 9 in Long Blades
 10563 | D:10     | Received a gift from Okawaru
 10818 | D:10     | Reached skill level 5 in Hexes
 10818 | D:10     | Reached skill level 5 in Summonings
 10818 | D:10     | Reached skill level 5 in Necromancy
 10818 | D:10     | Reached skill level 5 in Translocations
 10818 | D:10     | Reached skill level 5 in Transmutations
 10818 | D:10     | Reached skill level 5 in Fire Magic
 10818 | D:10     | Reached skill level 5 in Ice Magic
 10818 | D:10     | Reached skill level 5 in Air Magic
 10818 | D:10     | Reached skill level 5 in Earth Magic
 10818 | D:10     | Reached skill level 5 in Poison Magic
 11740 | D:11     | Noticed a boulder beetle
 11740 | D:11     | Noticed a cyclops
 11744 | D:11     | Killed a cyclops
 11763 | D:11     | Killed a boulder beetle
 11930 | D:11     | Noticed a centaur warrior
 11930 | D:11     | Noticed a deep elf knight
 11930 | D:11     | Noticed a centaur warrior
 11947 | D:11     | Killed a centaur warrior
 11947 | D:11     | Reached ****** piety under Okawaru
 11958 | D:11     | HP: 1/86 [deep elf knight/+2 short sword of flaming (17)]
 11958 | D:11     | Slain by a deep elf knight

Illustrated notes

Levels and vault maps discovered:
D:1:      evilmike_arrival_hilbert_curve, layout_loops_corners
D:2:      layout_basic, basic_ecumenical_altar
D:3:      layout_rooms, mainiacjoe_overflow_small_starburst,
          dreamdust_mushroom_princess, uniq_ijyb
D:4:      layout_layer_cave, temple_hall, minivault_23
D:5:      lemuel_castle_with_subvaults [lemuel_castle_interior_carwin_1],
          layout_rooms, nicolae_the_louvre
D:6:      layout_cave_pools, serial_shops, shop, kennysheep_donut,
          mrwooster_statue_mirror, uniq_eustachio, uniq_crazy_yiuf_cottage,
          uniq_grinder
D:7:      layout_gridville, kennysheep_generic_room_3
D:8:      layout_basic, grunt_gozag_statues, mainiacjoe_overflow_catwalk,
          amethyst_overflow_temple_binary, nicolae_ossuary_entry_ruins
D:9:      layout_roguey, fedhas_altar_1, hangedman_ru_absence, lair_entry_dummy,
          orc_david_3
D:10:     layout_basic
D:11:     layout_basic, nicolae_rejected_hall
Temple:   nicolae_temple_superstar

Skill      XL: |  1  2  3  4  5  6  7  8  9 10 11 |
---------------+----------------------------------+-----
Spellcasting   | 5 6 7 8 |  8.4
Invocations    | 1 2 3 4 5 6 7 |  7.2
Short Blades   | 1 2 3 4 5 6 |  6.6
Axes           | 1 2 3 4 5 6 |  6.6
Maces & Flails | 1 2 3 4 5 6 |  6.6
Polearms       | 1 2 3 4 5 6 |  6.6
Staves         | 1 2 3 4 5 6 |  6.6
Ranged Weapons | 1 2 3 4 5 6 |  6.6
Throwing       | 1 2 3 4 5 6 |  6.6
Armour         | 1 2 3 4 5 6 |  6.6
Stealth        | 1 2 3 4 5 6 |  6.6
Shields        | 1 2 3 4 5 6 |  6.6
Unarmed Combat | 1 2 3 4 5 6 |  6.6
Evocations     | 1 2 3 4 5 6 |  6.6
Shapeshifting  | 1 2 3 4 5 6 |  6.0
Hexes          | 1 2 3 4 5 |  5.4
Summonings     | 1 2 3 4 5 |  5.4
Necromancy     | 1 2 3 4 5 |  5.4
Translocations | 1 2 3 4 5 |  5.4
Transmutations | 1 2 3 4 5 |  5.4
Fire Magic     | 1 2 3 4 5 |  5.4
Ice Magic      | 1 2 3 4 5 |  5.4
Air Magic      | 1 2 3 4 5 |  5.4
Earth Magic    | 1 2 3 4 5 |  5.4
Poison Magic   | 1 2 3 4 5 |  5.4
Fighting       | 5 6 7 8 |  8.1
Dodging        | 5 6 7 8 |  8.1
Long Blades    | 7 8 9 |  9.4
Conjurations   | 6 7 |  7.8

Action                     |  1- 3 |  4- 6 |  7- 9 | 10-12 || total
---------------------------+-------+-------+-------+-------++-------
  Melee: Falchion          |   113 |    76 |       |       ||   189
         Bite              |    10 |     8 |    69 |    27 ||   114
         Punch             |     1 |     2 |    12 |       ||    15
         Dagger            |       |    18 |   311 |       ||   329
         Rapier            |       |       |    53 |       ||    53
         Eudemon blade     |       |       |    47 |   252 ||   299
  Throw: Throwing net      |       |       |     3 |       ||     3
         Dart              |       |       |       |     2 ||     2
   Cast: Momentum Strike   |       |     4 |     1 |       ||     5
         Kiss of Death     |       |     1 |     1 |       ||     2
         Poisonous Vapours |       |    19 |    38 |    10 ||    67
         Olgreb's Toxic Ra |       |       |       |     1 ||     1
  Evoke: Wand              |       |       |     4 |     2 ||     6
    Use: Scroll            |     4 |     5 |     6 |     6 ||    21
         Potion            |       |       |     2 |     1 ||     3
   Stab: Sleeping          |     1 |     6 |     5 |     7 ||    19
         Distracted        |       |       |     1 |       ||     1
 Armour: Leather armour    |    34 |    26 |    73 |    20 ||   153
  Dodge: Dodged            |    66 |    46 |   207 |   116 ||   435
  Block: Other             |       |       |    18 |       ||    18
         Buckler           |       |       |     4 |    99 ||   103
         Reflection        |       |       |     2 |     7 ||     9

Table legend: (Time is in decaauts)
 A = Elapsed time spent in this place.
 B = Non-inter-level travel time spent in this place.
 C = Inter-level travel time spent in this place.
 D = Time resting spent in this place.
 E = Time spent auto-exploring this place.
 F = Levels seen in this place.
 G = Mean time per level.
                   A        B        C        D        E       F      G
               +--------+--------+--------+--------+--------+-----+--------+
         Total |  12049 |  11643 |    406 |   2471 |   7098 |  13 |  926.8 |
       Dungeon |  11785 |  11395 |    390 |   2372 |   7031 |  11 | 1071.4 |
        Temple |     32 |     16 |     16 |      0 |      0 |   1 |   32.0 |
       Ossuary |    231 |    231 |      0 |     98 |     67 |   1 |  231.0 |
               +--------+--------+--------+--------+--------+-----+--------+

Top non-repeatable levels by time:
     D:5: 1832 daAuts
     D:4: 1819 daAuts
    D:10: 1265 daAuts
     D:7: 1131 daAuts
     D:1: 1060 daAuts
     D:6: 1055 daAuts
     D:8: 908 daAuts
     D:2: 901 daAuts
     D:9: 796 daAuts
     D:3: 761 daAuts
    D:11: 252 daAuts
 Ossuary: 231 daAuts
  Temple: 32 daAuts
